 Dungeon Crawl Stone Soup version 0.19-a0-683-g5f2401d (webtiles) character file.

40086 Leszczynek the Fencer (level 13, 0/124 HPs)
             Began as a Yellow Draconian Transmuter on June 16, 2016.
             Was the Champion of Hepliaklqana.
             Succumbed to a black mamba's poison
             ... on level 6 of the Lair of Beasts on June 17, 2016.
             The game lasted 01:28:09 (25769 turns).

Leszczynek the Fencer (DrTm)                       Turns: 25769, Time: 01:28:09

Health: 0/124      AC: 13    Str: 19    XL:     13   Next: 72%
Magic:  9/12       EV: 22    Int: 14    God:    Hepliaklqana [******]
Gold:   1172       SH:  0    Dex: 17    Spells: 5 memorised, 4 levels left

rFire  + . .     SeeInvis +     a - +0 great sword
rCold  . . .     Gourm    .     (armour unavailable)
rNeg   . . .     Faith    .     (shield currently unavailable)
rPois  .         Spirit   .     (helmet restricted)
rElec  .         Dismiss  .     p - +0 cloak {MR+}
rCorr  +         Reflect  .     l - +0 pair of gloves (curse)
SustAt .         Harm     .     f - +2 pair of boots
MR     +....     Clarity  +     (no amulet)
Stlth  +.........               U - ring "Yffock" {rF+ Dex+2 SInv Stlth-}
                                N - +4 ring of evasion

@: mighty, lethally poisoned (0 -> -10), somewhat resistant to hostile
enchantments, very unstealthy
A: spit acid, acid resistance, unfitting armour, clarity, low mp 2, robust 1,
cold-blooded, AC +8
a: Spit Acid, Recall Ancestor, Ancestor Identity, Transference, Idealise,
Renounce Religion


You were on level 6 of the Lair of Beasts.
You worshipped Hepliaklqana.
Hepliaklqana was exalted by your worship.
You were hungry.

You visited 2 branches of the dungeon, and saw 17 of its levels.
You also visited: Labyrinth, Sewer and Bailey.

You collected 1321 gold pieces.
You spent 149 gold pieces at shops.

Inventory:

Hand Weapons
 a - a +0 great sword (weapon)
 b - a +0 longbow
Missiles
 o - 375 arrows
Armour
 f - a +2 pair of boots (worn)
 l - a cursed +0 pair of gloves (worn)
 p - a +0 cloak of magic resistance (worn)
Jewellery
 q - an uncursed ring of flight
 A - the ring of Qazlal's Pride {AC+3 Str-5 Slay+3 SInv}
   (You took it off a minotaur in a labyrinth)

   [ring of protection]

   It affects your AC (+3).
   It affects your strength (-5).
   It affects your accuracy and damage with ranged weapons and melee attacks
   (+3).
   It lets you see invisible.
 N - a +4 ring of evasion (left hand)
 U - the ring "Yffock" (right hand) {rF+ Dex+2 SInv Stlth-}
   (You found it on level 6 of the Lair of Beasts)

   [ring of loudness]

   It affects your dexterity (+2).
   It protects you from fire.
   It lets you see invisible.
   It makes you less stealthy.
Wands
 n - a wand of slowing (22/48)
 t - a wand of slowing (33/48)
 x - a wand of teleportation (0/9)
 D - a wand of paralysis (2/24)
 I - a wand of enslavement (6/24)
 K - a wand of teleportation (2/9)
 O - a wand of acid (5/15)
 P - a wand of flame (30/48)
 R - a wand of paralysis (14/24)
Scrolls
 i - 3 scrolls of recharging
 y - 8 scrolls of remove curse
 S - 2 scrolls of identify
Potions
 d - 3 potions of magic
 e - 3 potions of resistance
 g - 3 potions of brilliance
 h - 3 potions of agility
 k - 4 potions of might
 w - a potion of lignification
Books
 m - a book of Changes

   Spells                             Type                      Level
   a - Beastly Appendage              Transmutation                1
   b - Sticks to Snakes               Transmutation                2
   c - Spider Form                    Transmutation/Poison         3
   d - Ice Form                       Ice/Transmutation            4
   e - Blade Hands                    Transmutation                5
 r - a book of Party Tricks

   Spells                             Type                      Level
   a - Summon Butterflies             Summoning                    1
   b - Apportation                    Translocation                1
   c - Tukima's Dance                 Hexes                        3
   d - Alistair's Intoxication        Transmutation/Poison         5
   e - Invisibility                   Hexes                        6
 z - a book of the Dragon

   Spells                             Type                      Level
   a - Flame Tongue                   Conjuration/Fire             1
   b - Cause Fear                     Hexes                        4
   c - Bolt of Fire                   Conjuration/Fire             6
   d - Dragon Form                    Transmutation                7
   e - Dragon's Call                  Summoning                    9
 E - a book of Fire

   Spells                             Type                      Level
   a - Ignite Poison                  Fire/Transmutation/Poison    3
   b - Fireball                       Conjuration/Fire             5
   c - Bolt of Fire                   Conjuration/Fire             6
   d - Delayed Fireball               Conjuration/Fire             7
   e - Ring of Flames                 Charms/Fire                  7
 F - a book of the Sky

   Spells                             Type                      Level
   a - Summon Lightning Spire         Summoning/Air                4
   b - Airstrike                      Air                          4
   c - Silence                        Hexes/Air                    5
   d - Deflect Missiles               Charms/Air                   6
   e - Conjure Ball Lightning         Conjuration/Air              6
   f - Tornado                        Air                          9
 J - a book of Maledictions

   Spells                             Type                      Level
   a - Corona                         Hexes                        1
   b - Ensorcelled Hibernation        Hexes/Ice                    2
   c - Confuse                        Hexes                        3
   d - Tukima's Dance                 Hexes                        3
   e - Dazzling Spray                 Conjuration/Hexes            3
Miscellaneous
 s - a phantom mirror
 T - a lamp of fire
Comestibles
 c - 9 bread rations
 u - 7 meat rations
 L - 18 fruits


   Skills:
 * Level 10.2 Fighting
 - Level 16.0 Long Blades
   Level 1.0 Polearms
 - Level 7.0 Bows
 - Level 8.0 Dodging
 - Level 1.5 Stealth
 - Level 3.8 Unarmed Combat
 - Level 2.0 Spellcasting
 + Level 5.2 Hexes
 - Level 5.0 Transmutations
 - Level 2.5 Poison Magic
 + Level 1.9 Invocations
 - Level 2.0 Evocations


You had 4 spell levels left.
You knew the following spells:

 Your Spells              Type           Power        Failure   Level  Hunger
a - Confuse               Hex            ###.....     10%         3    ####...
b - Sticks to Snakes      Tmut           ###.....     4%          2    ###....
c - Spider Form           Tmut/Pois      ##........   17%         3    ####...
d - Apportation           Tloc           #.........   24%         1    ##.....
e - Tukima's Dance        Hex            ###.....     10%         3    ####...


Dungeon Overview and Level Annotations

Branches:
Dungeon (11/15)            Temple (0/1) D:7            Lair (6/6) D:11
  Swamp (0/4) Lair:2        Snake (0/4) Lair:4        Slime (0/5) Lair:5
    Orc (0/2) D:11

Altars:
Elyvilon
Fedhas
Gozag
Hepliaklqana
Kikubaaqudgha
Makhleb
Okawaru
Qazlal
Ru
Uskayaw
Yredelemnul
The Shining One
Jiyva

Shops:
D:7 [   D:11 ([

Annotations:
Lair:5 1 runed door


Innate Abilities, Weirdness & Mutations

You can spit globs of acid.
You are resistant to acid.
Your golden yellow scales are hard. (AC +8)
Your body does not fit into most forms of armour.
You are cold-blooded and may be slowed by cold attacks.
You possess an exceptional clarity of mind.
Your magical capacity is very low. (-20% MP)
You are robust. (+10% HP)


Message History

Press: ? - help, Shift-Dir - straight line, f - you You feel strangely unstable.
This wand has 0 charges left.
The water moccasin hisses angrily.
The yak bellows!
A river rat comes into view.
The black mamba hisses angrily.
The sheep bleats!
The sheep closely misses you. The black mamba bites you.
* * * LOW HITPOINT WARNING * * *
You are lethally poisoned!
The black mamba poisons you!
The wyvern hisses menacingly.
The wyvern completely misses you.
Your surroundings suddenly seem different.
* * * LOW HITPOINT WARNING * * *
You feel sick.
Found 12 stones.
Unknown command.
Unknown command.
Okay, then.
You die...

###..............
#.............
##....P.....P#
.#P.........
........(##
..........##
...........#
#P........#.#
P.......@..#
############


There were no monsters in sight!

Vanquished Creatures
  Gastronok (Lair:1)
  A minotaur (Lab)
  3 hydras
  A catoblepas (Lair:3)
  A queen ant (Lair:5)
  An unseen horror (Lab)
  An orc knight (Bailey)
  An oklob plant (Lair:3)
  An ugly thing (D:11)
  5 elephants
  A guardian serpent (Lair:6)
  3 black mambas
  4 spiny frogs
  A gargoyle (D:11)
  6 komodo dragons
  2 meliai (D:11)
  A polar bear (Lair:4)
  7 blink frogs
  2 two-headed ogres
  7 wyverns
  18 yaks
  A steam dragon (D:11)
  Grum (D:11)
  3 hungry ghosts
  A basilisk (Lair:3)
  3 hippogriffs
  3 nagas (Lair:4)
  2 wargs (D:11)
  10 soldier ants (Lair:5)
  13 porcupines
  9 water moccasins
  An ice beast (D:9)
  A necrophage (D:8)
  8 orc warriors
  2 wasps (Lair:6)
  2 ogres (D:7)
  8 centaurs
  10 wolves
  7 crocodiles
  18 giant frogs
  2 scorpions (D:7)
  5 jellies (D:11)
  A water moccasin skeleton (D:9)
  6 killer bees
  A howler monkey (D:8)
  An electric eel (Lair:3)
  4 crimson imps
  3 hounds
  2 centaur zombies
  4 orc priests
  2 centaur skeletons
  A gnoll shaman (D:8)
  A giant frog skeleton (D:9)
  5 iguanas
  7 orc wizards
  34 worker ants
  A sheep (Lair:6)
  2 hound zombies
  A hound skeleton (D:7)
  Robin (D:3)
  3 gnolls (D:8)
  15 adders
  34 river rats
  4 shadow imps
  An ooze (D:1)
  2 adder zombies
  2 adder skeletons
  4 worms
  A dart slug (D:1)
  4 giant geckos
  33 orcs
  11 giant cockroaches
  2 gnoll zombies (D:3)
  15 goblins
  12 hobgoblins
  9 jackals
  7 quokkas
  3 ball pythons
  5 bats
  A giant gecko zombie (D:6)
  14 giant newts
  8 kobolds
  A quokka zombie (D:5)
  35 rats
481 creatures vanquished.

Vanquished Creatures (collateral kills)
  Nergalle (Lair:1)
  An unseen horror (D:11)
  An orc knight (Bailey)
  3 hill giants (D:11)
  2 black mambas
  A centaur skeleton (D:10)
  3 blink frogs
  2 yaks (Lair:2)
  A wyvern (D:9)
  2 steam dragons
  A basilisk (Lair:3)
  A naga (Lair:4)
  2 soldier ants (Lair:5)
  2 water moccasins (Lair:2)
  2 porcupines
  An ice beast (D:9)
  2 sky beasts
  2 orc warriors
  3 ogres
  A wolf (D:11)
  2 necrophages
  4 centaurs
  2 crocodiles
  2 giant frogs
  2 jellies
  A howler monkey (D:7)
  A giant frog zombie (D:5)
  2 hounds
  4 orc priests
  4 orc wizards
  An iguana (D:6)
  9 worker ants
  2 worker ant zombies
  6 river rats
  An adder (D:2)
  A shadow imp (D:11)
  An ooze (D:5)
  3 giant geckos
  17 orcs
  3 goblins (D:10)
  A quokka (D:9)
  A giant newt (D:4)
  A jackal zombie (D:5)
  2 rats (D:6)
107 creatures vanquished.

Vanquished Creatures (others)
  A water moccasin (Lair:6)
  An ancestor (D:7)
  21 hexers
  A giant newt (D:1)
  10 fungi
  13 plants
  5 toadstools (D:1)
52 creatures vanquished.

Grand Total: 640 creatures vanquished

Notes
Turn   | Place    | Note
--------------------------------------------------------------
     0 | D:1      | Leszczynek the Draconian Transmuter began the quest for the Orb.
     0 | D:1      | Reached XP level 1. HP: 16/16 MP: 3/3
    62 | D:1      | Reached skill level 1 in Stealth
    62 | D:1      | Reached XP level 2. HP: 10/23 MP: 3/5
   249 | D:1      | Learned a level 2 spell: Sticks to Snakes
  1332 | D:2      | Reached XP level 3. HP: 25/28 MP: 4/6
  1514 | D:2      | Learned a level 3 spell: Spider Form
  1890 | D:2      | Reached skill level 3 in Transmutations
  2085 | D:2      | Reached skill level 1 in Poison Magic
  2085 | D:2      | Reached XP level 4. HP: 35/35 MP: 4/7
  2878 | D:3      | Noticed Robin
  3028 | D:3      | Found a white marble altar of Elyvilon.
  3153 | D:3      | Reached XP level 5. HP: 40/40 MP: 6/8
  3154 | D:3      | Reached skill level 4 in Transmutations
  3171 | D:3      | Killed Robin
  3171 | D:3      | Reached skill level 2 in Poison Magic
  3359 | D:3      | Found a basalt altar of Yredelemnul.
  4454 | D:4      | Found a glowing drain.
  4500 | Sewer    | Entered a sewer
  4824 | Sewer    | Reached XP level 6. HP: 47/47 MP: 9/9
  4847 | Sewer    | Reached skill level 2 in Dodging
  4965 | Sewer    | Reached skill level 5 in Transmutations
  5478 | D:4      | Found a hazy altar of Hepliaklqana.
  6017 | D:4      | Became a worshipper of Hepliaklqana
  6035 | D:5      | Entered Level 5 of the Dungeon
  6036 | D:5      | Found a stormy altar of Qazlal.
  6108 | D:5      | Reached skill level 1 in Polearms
  6154 | D:5      | Found an ancient bone altar of Kikubaaqudgha.
  6188 | D:5      | Reached skill level 1 in Long Blades
  6366 | D:5      | Reached skill level 2 in Long Blades
  6430 | D:5      | Reached skill level 3 in Long Blades
  6430 | D:5      | Your scales start taking on a golden yellow colour.
  6430 | D:5      | Reached XP level 7. HP: 15/52 MP: 6/10
  6565 | D:5      | Reached skill level 4 in Long Blades
  6722 | D:5      | Found a sacrificial altar of Ru.
  6847 | D:5      | Reached skill level 5 in Long Blades
  7288 | D:5      | Reached skill level 6 in Long Blades
  7574 | D:5      | Reached XP level 8. HP: 36/59 MP: 11/11
  7919 | D:6      | Reached * piety under Hepliaklqana
  8100 | D:6      | Reached skill level 7 in Long Blades
  8591 | D:6      | Reached skill level 8 in Long Blades
  9058 | D:6      | Gained mutation: You are robust. (+10% HP) [mutagenic meat]
  9146 | D:6      | Reached skill level 2 in Fighting
  9421 | D:7      | Found a glowing golden altar of the Shining One.
  9617 | D:7      | Reached skill level 3 in Dodging
  9621 | D:7      | Reached skill level 3 in Fighting
  9656 | D:7      | Reached XP level 9. HP: 42/75 MP: 12/12
 10085 | D:7      | Found a hide-covered altar of Uskayaw.
 10090 | D:7      | Reached skill level 9 in Long Blades
 10098 | D:7      | Found a staircase to the Ecumenical Temple.
 10105 | D:7      | Found Niaj's Armour Boutique.
 10185 | D:7      | Found a burning altar of Makhleb.
 10482 | D:7      | Found a burning altar of Makhleb.
 10674 | D:8      | Reached ** piety under Hepliaklqana
 10675 | D:8      | Remembered your ancestor Eideard as a hexer
 10784 | D:8      | Reached skill level 4 in Fighting
 10784 | D:8      | Reached skill level 4 in Dodging
 11142 | D:8      | Reached skill level 10 in Long Blades
 11639 | D:9      | Reached skill level 5 in Fighting
 11725 | D:9      | Found an iron altar of Okawaru.
 11778 | D:9      | Reached *** piety under Hepliaklqana
 11936 | D:9      | Reached skill level 5 in Dodging
 11999 | D:9      | Reached XP level 10. HP: 89/89 MP: 13/13
 12010 | D:9      | Found an opulent altar of Gozag.
 12249 | D:9      | Found a blossoming altar of Fedhas.
 12519 | D:10     | Entered Level 10 of the Dungeon
 12758 | D:10     | Found a flagged portal.
 12781 | D:10     | Reached skill level 11 in Long Blades
 12783 | D:10     | Reached **** piety under Hepliaklqana
 12807 | Bailey   | Entered a bailey
 13035 | Bailey   | Noticed an orc knight
 13293 | Bailey   | Noticed an orc knight
 13326 | Bailey   | Killed an orc knight
 13326 | Bailey   | Reached skill level 6 in Fighting
 13326 | Bailey   | Reached skill level 1 in Evocations
 13504 | Bailey   | Killed an orc knight
 13637 | Bailey   | Reached skill level 6 in Dodging
 13637 | Bailey   | Reached skill level 2 in Evocations
 13757 | Bailey   | Got a bloodstained large shield
 13764 | Bailey   | Identified the +8 large shield of the Guild-Master {Dex+2 Stlth+} (You found it in a bailey)
 13803 | Bailey   | Learned a level 1 spell: Apportation
 14626 | D:11     | Learned a level 3 spell: Tukima's Dance
 14673 | D:11     | Noticed a seven-headed hydra
 15271 | D:10     | Reached skill level 7 in Fighting
 15395 | D:11     | Found Obideil's Armour Boutique.
 15395 | D:11     | Found a staircase to the Orcish Mines.
 15397 | D:11     | Found Qohorchehie's Weapon Boutique.
 15585 | D:11     | Reached skill level 12 in Long Blades
 15780 | D:11     | Killed a seven-headed hydra
 15780 | D:11     | Reached XP level 11. HP: 101/101 MP: 7/14
 15790 | D:11     | Noticed a red ugly thing
 15857 | D:11     | Noticed a hill giant
 15866 | D:11     | Killed a hill giant
 15871 | D:11     | Noticed a six-headed hydra
 15879 | D:11     | Killed a six-headed hydra
 15933 | D:11     | Noticed Grum
 15942 | D:11     | Killed Grum
 16366 | D:11     | Killed a red ugly thing
 16366 | D:11     | Reached skill level 1 in Bows
 16481 | D:11     | Reached skill level 8 in Fighting
 16511 | D:11     | Noticed a hill giant
 16519 | D:11     | Killed a hill giant
 16545 | D:11     | Bought a +0 cloak of magic resistance for 149 gold pieces
 16622 | D:11     | Found a staircase to the Lair.
 16633 | D:11     | Reached skill level 2 in Bows
 16849 | D:11     | Killed an unseen horror
 16849 | D:11     | Reached skill level 13 in Long Blades
 16861 | D:11     | Reached ***** piety under Hepliaklqana
 17144 | Lair:1   | Entered Level 1 of the Lair of Beasts
 17162 | Lair:1   | Noticed Gastronok
 17218 | Lair:1   | Killed Gastronok
 17218 | Lair:1   | Reached skill level 3 in Bows
 17438 | D:11     | Reached skill level 9 in Fighting
 17462 | D:11     | Noticed a hill giant
 17468 | D:11     | Killed a hill giant
 17733 | Lair:1   | Reached XP level 12. HP: 111/114 MP: 15/15
 17771 | Lair:1   | Reached skill level 7 in Dodging
 17772 | Lair:1   | Noticed Nergalle
 17782 | Lair:1   | Killed Nergalle
 17782 | Lair:1   | Reached skill level 4 in Bows
 18122 | Lair:1   | Reached skill level 14 in Long Blades
 18564 | Lair:2   | Upgraded the game from 0.19-a0-675-gf8984cf to 0.19-a0-683-g5f2401d
 19499 | Lair:2   | Reached skill level 5 in Bows
 19693 | Lair:2   | Found a staircase to the Swamp.
 20190 | Lair:3   | this game is mocking me
 20190 | Lair:3   | first a randart large shield, now an ego large shield
 20190 | Lair:3   | fuck off and give me enchant weapon scrolls
 20418 | Lair:3   | Noticed a catoblepas
 20425 | Lair:3   | Killed a catoblepas
 20603 | Lair:3   | +4 EV ring, nice
 20615 | Lair:3   | Reached skill level 8 in Dodging
 20615 | Lair:3   | Reached skill level 1 in Hexes
 21180 | Lair:4   | Noticed an eight-headed hydra
 21213 | Lair:4   | HP: 11/114 [eight-headed hydra (8)]
 21651 | Lair:4   | Reached skill level 2 in Hexes
 21847 | Lair:4   | HP: 11/114 [eight-headed hydra (1)]
 21852 | Lair:4   | Killed an eight-headed hydra
 22088 | Lair:4   | Reached skill level 6 in Bows
 22448 | Lair:4   | Reached skill level 15 in Long Blades
 22843 | Lair:4   | Reached XP level 13. HP: 122/122 MP: 16/16
 22867 | Lair:4   | Reached skill level 3 in Hexes
 22924 | Lair:4   | Found a staircase to the Snake Pit.
 23262 | Lair:5   | Reached ****** piety under Hepliaklqana
 23404 | Lair:5   | Found a labyrinth entrance.
 23461 | Lab      | Entered a labyrinth
 23753 | Lab      | Noticed a minotaur
 23775 | Lab      | Killed a minotaur
 23777 | Lab      | Got a scintillating brass ring
 23778 | Lab      | Identified the ring of Qazlal's Pride {AC+3 Str-5 Slay+3 SInv} (You took it off a minotaur in a labyrinth)
 23779 | Lab      | >str-5
 23779 | Lab      | so, it's shit?
 23779 | Lab      | it's basically a ac+3 sinv ring
 24119 | Lair:5   | Reached skill level 4 in Hexes
 24731 | Lair:5   | Reached skill level 16 in Long Blades
 25039 | Lair:5   | Found a runed door.
 25040 | Lair:5   | Found a viscous altar of Jiyva.
 25046 | Lair:5   | Found a staircase to the Slime Pits.
 25066 | Lair:5   | Reached skill level 7 in Bows
 25235 | Lair:5   | Learned a level 3 spell: Confuse
 25301 | Lair:6   | Entered Level 6 of the Lair of Beasts
 25379 | Lair:6   | Reached skill level 1 in Invocations
 25383 | Lair:6   | Got a crude glass ring
 25386 | Lair:6   | Identified the ring "Yffock" {rF+ Dex+2 SInv Stlth-} (You found it on level 6 of the Lair of Beasts)
 25505 | Lair:6   | Reached skill level 5 in Hexes
 25638 | Lair:6   | Gained mutation: Your magical capacity is low. (-10% MP) [potion of mutation]
 25638 | Lair:6   | Gained mutation: You possess an exceptional clarity of mind. [potion of mutation]
 25638 | Lair:6   | Gained mutation: Your magical capacity is very low. (-20% MP) [potion of mutation]
 25638 | Lair:6   | HP: 14/186 [wyvern (9)]
 25652 | Lair:6   | Reached skill level 10 in Fighting
 25667 | Lair:6   | HP: 17/186 [hippogriff (4)]
 25672 | Lair:6   | HP: 17/186 [crocodile (1)]
 25675 | Lair:6   | HP: 3/186 [crocodile (8)]
 25687 | Lair:6   | HP: 18/186 [water moccasin (5)]
 25693 | Lair:6   | HP: 18/186 [guardian serpent/bolt of poison (1)]
 25700 | Lair:6   | HP: 11/186 [river rat (3)]
 25747 | Lair:6   | HP: 9/124 [wyvern (11)]
 25760 | Lair:6   | HP: 5/124 [wyvern (7)]
 25767 | Lair:6   | HP: 3/124 [black mamba (5)]
 25768 | Lair:6   | HP: 1/124 [poisoned by a black mamba]
 25769 | Lair:6   | Succumbed to a black mamba's poison

Vault maps used:
D:1:      ldierk_walled_garden, serial_park_tiny_1, lemuel_flame_loot_1
D:3:      lemuel_zombie_altar_yredelemnul, elyvilon_altar_3, uniq_robin
D:4:      lemuel_crystal_altar, portal_sewer_entry_c
D:5:      overflow_temple_1_default, lemuel_round_altar,
          kiku_gazebo_pond_becter, first_bread
D:6:      lemuel_ratsnest
D:7:      old_standard_altar, kennysheep_mini, nicolae_tso_carved_into_rock,
          serial_shops, shop, makhleb_blood_cavern_becter
D:9:      lemuel_crystal_altar, marbit_many_paths, hangedman_tree_tricks
D:10:     enter_bailey_3
D:11:     erik_lair_orcish_takeover, orc_david_3, kennysheep_generic_room_12,
          uniq_grum
Lair:1:   uniq_gastronok, uniq_nergalle
Lair:2:   swamp_mist_pool, grunt_megastairs_5
Lair:3:   dpeg_oklob_gauntlet, infiniplex_staircase_pool
Lair:4:   minmay_snake_entry_guardpost_large, minmay_stone_trees_small
Lair:5:   slime_altar_2, lab_entry_generic, zaba_anthell
Lair:6:   hangedman_lair_tendril_chambers, serial_bayou_lagoon_a
Lab:      labyrinth_watery, lab_hedge, labyrinth_fake_exit
Sewer:    sewer_co_cracked_pipes
Bailey:   bailey_polearm_1, bailey

Skill      XL: |  1  2  3  4  5  6  7  8  9 10 11 12 13 |
---------------+----------------------------------------+-----
Stealth        | 1 |  1.5
Transmutations | 3 4 5 |  5.0
Poison Magic   | 1 2 |  2.5
Dodging        | 2 3 5 6 8 |  8.0
Polearms       | 1 |  1.0
Long Blades    | 3 6 8 10 12 13 15 16 | 16.0
Fighting       | 3 5 7 9 10 | 10.2
Evocations     | 2 |  2.0
Bows           | 3 6 7 |  7.0
Hexes          | 2 5 |  5.2
Invocations    | 1 |  1.9
Unarmed Combat | |  3.8
Spellcasting   | |  2.0

Action                   |  1- 3 |  4- 6 |  7- 9 | 10-12 | 13-15 || total
-------------------------+-------+-------+-------+-------+-------++-------
Melee: Unarmed           |    64 |    25 |    18 |       |       ||   107
       Headbutt          |    11 |    16 |       |       |       ||    27
       Tailslap          |     8 |    32 |    56 |    84 |    66 ||   246
       Punch             |     1 |     5 |     4 |       |       ||    10
       Short sword       |    73 |   376 |   187 |       |       ||   636
       Kick              |     1 |       |       |       |       ||     1
       Great sword       |       |       |   193 |   598 |   467 ||  1258
 Fire: Longbow           |       |       |       |    60 |     1 ||    61
Throw: Tomahawk          |       |       |     2 |    29 |       ||    31
 Cast: Beastly Appendage |    15 |    16 |       |       |       ||    31
       Sticks to Snakes  |     1 |     7 |     2 |     7 |     1 ||    18
       Spider Form       |       |     4 |     4 |       |       ||     8
       Apportation       |       |       |       |     4 |       ||     4
       Confuse           |       |       |       |       |     3 ||     3
Invok: Recall Ancestor   |       |       |     2 |     5 |     1 ||     8
       Ancestor Life: He |       |       |     1 |       |       ||     1
 Abil: Spit Acid         |       |       |    25 |    53 |     9 ||    87
Evoke: Wand              |       |       |       |    26 |     4 ||    30
  Use: Scroll            |     5 |     7 |     6 |    11 |     4 ||    33
       Potion            |       |     3 |       |     5 |    12 ||    20
 Stab: Sleeping          |     5 |     3 |     3 |     2 |     1 ||    14
       Distracted        |       |     1 |     2 |     9 |    11 ||    23
       Confused          |       |       |     3 |    16 |     9 ||    28
       Paralysed         |       |       |       |     7 |       ||     7
  Eat: Chunk             |     4 |    16 |    25 |    33 |    10 ||    88
       Pizza             |       |       |       |     5 |       ||     5
       Beef jerky        |       |       |       |     3 |     1 ||     4
       Royal jelly       |       |       |       |       |     1 ||     1
Armor: Skin              |    45 |   141 |   113 |   140 |   108 ||   547
Dodge: Dodged            |    77 |   264 |   277 |   478 |   367 ||  1463
